MLB
CINCINNATI REDS @ ST. LOUIS CARDINALS
06/24/2046
 
TOP OF THE 1ST
Cincinnati Reds batting - Pitching for St. Louis Cardinals : LHP Nate Crow
Pitching: LHP Nate Crow
Batting: RHB Willie Lazcano 0-0: Ball
1-0: Ball
2-0: Ground out 2-3 (Groundball, 2L, EV 70.0 MPH)
Batting: SHB Saulo Maina 0-0: Swinging Strike
0-1: Swinging Strike
0-2: Fly out, F8 (Flyball, 8LD, EV 90.6 MPH)
Batting: SHB Dave Barefoot 0-0: Ball
1-0: Ball
2-0: Foul Ball, location: 2F
2-1: Fly out, F8 (Flyball, 8RM, EV 83.8 MPH)
Top of the 1st over - 0 runs, 0 hits, 0 errors, 0 left on base; Cincinnati 0 - St. Louis 0
BOTTOM OF THE 1ST
St. Louis Cardinals batting - Pitching for Cincinnati Reds : RHP Bryce Schimmoeller
Pitching: RHP Bryce Schimmoeller
Batting: RHB Tenshou Takita 0-0: Ball
1-0: Ball
2-0: Called Strike
2-1: Ball
3-1: Base on Balls
Batting: RHB Nick Gentzel 0-0: Swinging Strike
0-1: Ball
1-1: Foul Ball, location: 2F
1-2: Ball
2-2: Foul Ball, location: 2F
2-2: Ball
Tenshou Takita steals 2nd, throwing error, E2
Tenshou Takita to third
3-2: Foul Ball, location: 2F
3-2: Foul Ball, location: 2F
3-2: Base on Balls
Batting: LHB Tom Butterbaugh 0-0: Ball
1-0: Swinging Strike
1-1: Swinging Strike
1-2: Strikes out swinging
Batting: RHB Eric Chotkowski 0-0: Called Strike
0-1: Ball
1-1: Called Strike
Nick Gentzel steals 2nd base
1-2: Ball
2-2: Ground out 6-3 (Groundball, 6, EV 88.1 MPH)
Tenshou Takita scores
Nick Gentzel to third
Batting: SHB Hans Mikkelsen 0-0: Ball
1-0: Called Strike
1-1: Called Strike
1-2: Ground out 2-3 (Groundball, 2L, EV 67.5 MPH)
Bottom of the 1st over - 1 run, 0 hits, 1 error, 1 left on base; Cincinnati 0 - St. Louis 1
TOP OF THE 2ND
Cincinnati Reds batting - Pitching for St. Louis Cardinals : LHP Nate Crow
Batting: LHB Chris Grunwald 0-0: Ball
1-0: Foul Ball, location: 2F
1-1: Called Strike
1-2: Foul Ball, location: 2F
1-2: Foul Ball, location: 2F
1-2: Foul Ball, location: 2F
1-2: Ball
2-2: Fly out, F7 (Flyball, 7LM, EV 98.1 MPH)
Batting: RHB Fred Slade 0-0: Swinging Strike
0-1: Ball
1-1: Ball
2-1: Ball
3-1: Base on Balls
Batting: RHB Joseph Kirchmann 0-0: Ball
1-0: Called Strike
1-1: Swinging Strike
1-2: Strikes out looking
Batting: LHB Jon Ledesma 0-0: Called Strike
0-1: Fly out, F7 (Line Drive, 7, EV 93.1 MPH)
Top of the 2nd over - 0 runs, 0 hits, 0 errors, 1 left on base; Cincinnati 0 - St. Louis 1
BOTTOM OF THE 2ND
St. Louis Cardinals batting - Pitching for Cincinnati Reds : RHP Bryce Schimmoeller
Batting: RHB Terry Baginski 0-0: Called Strike
0-1: Hit by Pitch
Batting: RHB Fabrice Bertin 0-0: Called Strike
0-1: Ball
1-1: Ball
2-1: Foul Ball, location: 2F
2-2: Ball
3-2: Ground out 6-3 (Groundball, 6, EV 86.2 MPH)
Terry Baginski to second
Batting: RHB Dustin Clark 0-0: Ball
1-0: Ball
2-0: Called Strike
2-1: Foul Ball, location: 2F
2-2: Fly out, F3 (Popup, 34S, EV 70.6 MPH)
Batting: RHB Travis Leonard 0-0: SINGLE (Groundball, 56D, EV 96.2 MPH)
Terry Baginski to third
Runner from 3rd tries for Home, SAFE, throw by LF to home
Batting: RHB Tenshou Takita 0-0: Ground out 5-3 (Groundball, 56S, EV 76.2 MPH)
Bottom of the 2nd over - 1 run, 1 hit, 0 errors, 1 left on base; Cincinnati 0 - St. Louis 2
TOP OF THE 3RD
Cincinnati Reds batting - Pitching for St. Louis Cardinals : LHP Nate Crow
Batting: LHB Antonio Figueroa 0-0: Called Strike
0-1: Foul Ball, location: 2F
0-2: Foul Ball, location: 2F
0-2: Foul Ball, location: 2F
0-2: Reached on error, E3 (Groundball, 3, EV 86.9 MPH)
Batting: RHB Omar Quintana 0-0: Called Strike
Pickoff Throw by Catcher to First - Out!
0-1: Ball
1-1: Foul Ball, location: 2F
1-2: Ball
2-2: Ball
3-2: Base on Balls
Batting: RHB Willie Lazcano 0-0: Swinging Strike
0-1: Ball
1-1: Foul Ball, location: 2F
1-2: Ball
2-2: Strikes out swinging
Batting: SHB Saulo Maina 0-0: Called Strike
0-1: Ball
1-1: Foul Ball, location: 2F
1-2: Fielders Choice at 2nd, 6-4 (Groundball, 6, EV 102.5 MPH)
Top of the 3rd over - 0 runs, 0 hits, 1 error, 1 left on base; Cincinnati 0 - St. Louis 2
BOTTOM OF THE 3RD
St. Louis Cardinals batting - Pitching for Cincinnati Reds : RHP Bryce Schimmoeller
Batting: RHB Nick Gentzel 0-0: Ball
1-0: Called Strike
1-1: Swinging Strike
1-2: Ball
2-2: Ball
3-2: Strikes out swinging
Batting: LHB Tom Butterbaugh 0-0: Ball
1-0: Ball
2-0: Ball
3-0: Base on Balls
Batting: RHB Eric Chotkowski 0-0: Called Strike
Tom Butterbaugh is caught stealing 2nd base 2-4
0-1: Swinging Strike
0-2: Foul Ball, location: 2F
0-2: Strikes out looking
Bottom of the 3rd over - 0 runs, 0 hits, 0 errors, 0 left on base; Cincinnati 0 - St. Louis 2
TOP OF THE 4TH
Cincinnati Reds batting - Pitching for St. Louis Cardinals : LHP Nate Crow
Batting: SHB Dave Barefoot 0-0: Called Strike
0-1: Ball
1-1: Ball
2-1: Ball
3-1: Called Strike
3-2: Foul Ball, location: 2F
3-2: Ground out U3 (Groundball, 34S, EV 64.4 MPH)
Batting: LHB Chris Grunwald 0-0: Ball
1-0: TRIPLE (Flyball, 89XD, EV 95.6 MPH)
Batting: RHB Fred Slade 0-0: Ball
1-0: Ball
2-0: Called Strike
2-1: Foul Ball, location: 2F
2-2: Strikes out swinging
Batting: RHB Joseph Kirchmann 0-0: Fly out, F9 (Flyball, 9LS, EV 96.2 MPH)
Top of the 4th over - 0 runs, 1 hit, 0 errors, 1 left on base; Cincinnati 0 - St. Louis 2
BOTTOM OF THE 4TH
St. Louis Cardinals batting - Pitching for Cincinnati Reds : RHP Bryce Schimmoeller
Batting: SHB Hans Mikkelsen 0-0: Called Strike
0-1: Foul Ball, location: 2F
0-2: SINGLE (Groundball, 25, EV 71.2 MPH) (infield hit)
Batting: RHB Terry Baginski 0-0: Foul Ball, location: 2F
0-1: Ball
1-1: Ball
2-1: Ball
3-1: Foul Ball, location: 2F
3-2: Base on Balls
Hans Mikkelsen to second
Batting: RHB Fabrice Bertin 0-0: Ball
1-0: Called Strike
1-1: Ball
2-1: Swinging Strike
2-2: Ball
3-2: Foul Ball, location: 2F
3-2: Foul Ball, location: 2F
3-2: Strikes out looking
Batting: RHB Dustin Clark 0-0: Foul Ball, location: 2F
0-1: Called Strike
0-2: Ball
1-2: Ball
2-2: Foul Ball, location: 2F
2-2: Ball
3-2: Base on Balls
Hans Mikkelsen to third
Terry Baginski to second
Batting: RHB Travis Leonard 0-0: Called Strike
0-1: Foul Ball, location: 2F
0-2: Ball
1-2: Fly out, F7 (Flyball, 7, EV 91.2 MPH)
Batting: RHB Tenshou Takita 0-0: Ball
1-0: Fielders Choice at 2nd, 6-4 (Groundball, 6, EV 93.1 MPH)
Bottom of the 4th over - 0 runs, 1 hit, 0 errors, 3 left on base; Cincinnati 0 - St. Louis 2
TOP OF THE 5TH
Cincinnati Reds batting - Pitching for St. Louis Cardinals : LHP Nate Crow
Batting: LHB Jon Ledesma 0-0: Ground out 4-3 (Groundball, 4, EV 81.2 MPH)
Batting: LHB Antonio Figueroa 0-0: Ball
1-0: Ball
2-0: Ground out 4-3 (Groundball, 4, EV 85.6 MPH)
Batting: RHB Omar Quintana 0-0: Ball
1-0: Foul Ball, location: 2F
1-1: Ball
2-1: Foul Ball, location: 2F
2-2: Ball
3-2: Strikes out swinging
Top of the 5th over - 0 runs, 0 hits, 0 errors, 0 left on base; Cincinnati 0 - St. Louis 2
BOTTOM OF THE 5TH
St. Louis Cardinals batting - Pitching for Cincinnati Reds : RHP Bryce Schimmoeller
Batting: RHB Nick Gentzel 0-0: Foul Ball, location: 2F
0-1: Called Strike
0-2: Ball
1-2: Foul Ball, location: 2F
1-2: Strikes out swinging
Batting: LHB Tom Butterbaugh 0-0: Called Strike
0-1: Swinging Strike
0-2: Strikes out swinging
Batting: RHB Eric Chotkowski 0-0: Called Strike
0-1: Ball
1-1: Fly out, F8 (Flyball, 89XD, EV 88.1 MPH)
Bottom of the 5th over - 0 runs, 0 hits, 0 errors, 0 left on base; Cincinnati 0 - St. Louis 2
TOP OF THE 6TH
Cincinnati Reds batting - Pitching for St. Louis Cardinals : LHP Nate Crow
Pitching: RHP Antonio Perez
Batting: RHB Willie Lazcano 0-0: Ball
1-0: Ball
2-0: Ground out U3 (Groundball, 34, EV 103.8 MPH)
Batting: SHB Saulo Maina 0-0: Swinging Strike
0-1: Ball
1-1: Foul Ball, location: 2F
1-2: Strikes out swinging
Batting: SHB Dave Barefoot 0-0: Ground out 6-3 (Groundball, 6, EV 80.6 MPH)
Top of the 6th over - 0 runs, 0 hits, 0 errors, 0 left on base; Cincinnati 0 - St. Louis 2
BOTTOM OF THE 6TH
St. Louis Cardinals batting - Pitching for Cincinnati Reds : RHP Bryce Schimmoeller
Batting: SHB Hans Mikkelsen 0-0: Called Strike
0-1: Foul Ball, location: 2F
0-2: Foul Ball, location: 2F
0-2: Ball
1-2: Strikes out swinging
Batting: RHB Terry Baginski 0-0: Called Strike
0-1: Called Strike
0-2: Foul Ball, location: 2F
0-2: Ball
1-2: Foul Ball, location: 2F
1-2: Foul Ball, location: 2F
1-2: Strikes out swinging
Batting: RHB Fabrice Bertin 0-0: Ball
1-0: Called Strike
1-1: Ball
2-1: Foul Ball, location: 2F
2-2: Ball
3-2: Strikes out swinging
Bottom of the 6th over - 0 runs, 0 hits, 0 errors, 0 left on base; Cincinnati 0 - St. Louis 2
TOP OF THE 7TH
Cincinnati Reds batting - Pitching for St. Louis Cardinals : RHP Antonio Perez
Batting: LHB Chris Grunwald 0-0: Fly out, F8 (Line Drive, 8RM, EV 98.1 MPH)
Batting: RHB Fred Slade 0-0: Foul Ball, location: 2F
0-1: Ball
1-1: Foul Ball, location: 2F
1-2: Ball
2-2: Strikes out swinging
Batting: RHB Joseph Kirchmann 0-0: Called Strike
0-1: Ball
1-1: Ball
2-1: Ball
3-1: Swinging Strike
3-2: Fly out, F9 (Flyball, 9D, EV 100.6 MPH)
Top of the 7th over - 0 runs, 0 hits, 0 errors, 0 left on base; Cincinnati 0 - St. Louis 2
BOTTOM OF THE 7TH
St. Louis Cardinals batting - Pitching for Cincinnati Reds : RHP Bryce Schimmoeller
Pitching: RHP Timmy John Aaron-Lee Frank Silveira
Batting: RHB Dustin Clark 0-0: Foul Ball, location: 2F
0-1: Ball
1-1: Ball
2-1: Foul Ball, location: 2F
2-2: Strikes out swinging
Batting: RHB Travis Leonard 0-0: Swinging Strike
0-1: SINGLE (Flyball, 8LS, EV 89.4 MPH)
Batting: RHB Tenshou Takita 0-0: Foul Ball, location: 2F
0-1: Ball
1-1: Foul Ball, location: 2F
1-2: Ball
Travis Leonard is caught stealing 2nd base 2-4
2-2: Ball
3-2: Foul Ball, location: 2F
3-2: Foul Ball, location: 2F
3-2: Foul Ball, location: 2F
3-2: Foul Ball, location: 2F
3-2: Base on Balls
Batting: RHB Nick Gentzel 0-0: Ball
1-0: Fly out, F9 (Flyball, 89M, EV 85.6 MPH)
Bottom of the 7th over - 0 runs, 1 hit, 0 errors, 1 left on base; Cincinnati 0 - St. Louis 2
TOP OF THE 8TH
Cincinnati Reds batting - Pitching for St. Louis Cardinals : RHP Antonio Perez
Pitching: LHP Nick Suggett
Batting: LHB Jon Ledesma 0-0: Ball
1-0: Ball
2-0: Fly out, F7 (Flyball, 7LM, EV 90.0 MPH)
Batting: LHB Antonio Figueroa 0-0: Ball
1-0: Ball
2-0: Ball
3-0: Called Strike
3-1: Ground out U3 (Groundball, 34, EV 87.5 MPH)
Pitching: RHP Bryan Banana
Batting: RHB Omar Quintana 0-0: Ball
1-0: Swinging Strike
1-1: Foul Ball, location: 2F
1-2: Fly out, F9 (Flyball, 9, EV 86.2 MPH)
Top of the 8th over - 0 runs, 0 hits, 0 errors, 0 left on base; Cincinnati 0 - St. Louis 2
BOTTOM OF THE 8TH
St. Louis Cardinals batting - Pitching for Cincinnati Reds : RHP Timmy John Aaron-Lee Frank Silveira
Pitching: RHP Justin Ambrose
Batting: LHB Tom Butterbaugh 0-0: Foul Ball, location: 2F
0-1: Foul Ball, location: 2F
0-2: Ball
1-2: Foul Ball, location: 2F
1-2: Ball
2-2: Foul Ball, location: 2F
2-2: Ball
3-2: SOLO HOME RUN (Flyball, 7D, EV 96.9 MPH), Distance : 367 ft
Batting: RHB Eric Chotkowski 0-0: Called Strike
0-1: Ball
1-1: Called Strike
1-2: Ball
2-2: Foul Ball, location: 2F
2-2: Foul Ball, location: 2F
2-2: Ground out 6-3 (Groundball, 4MS, EV 81.9 MPH)
Batting: SHB Hans Mikkelsen 0-0: Called Strike
0-1: Ball
1-1: Ball
2-1: Ground out 4-3 (Groundball, 34D, EV 106.9 MPH)
Batting: RHB Terry Baginski 0-0: Ball
1-0: Ball
2-0: Ball
3-0: Base on Balls
Batting: RHB Fabrice Bertin 0-0: Called Strike
0-1: Ball
1-1: Fielders Choice at 2nd, U4 (Groundball, 4M, EV 88.1 MPH)
Bottom of the 8th over - 1 run, 1 hit, 0 errors, 1 left on base; Cincinnati 0 - St. Louis 3
TOP OF THE 9TH
Cincinnati Reds batting - Pitching for St. Louis Cardinals : RHP Bryan Banana
Pitching: RHP Danny Romero
Batting: RHB Willie Lazcano 0-0: Ground out 5-3 (Groundball, 56, EV 90.0 MPH)
Batting: SHB Saulo Maina 0-0: Ground out U3 (Groundball, 3, EV 78.1 MPH)
Batting: SHB Dave Barefoot 0-0: Ball
1-0: Foul Ball, location: 2F
1-1: Ball
2-1: Ball
3-1: Called Strike
3-2: Foul Ball, location: 2F
3-2: Base on Balls
Batting: LHB Chris Grunwald 0-0: 2-RUN HOME RUN (Flyball, 9D, EV 98.1 MPH), Distance : 374 ft
Batting: RHB Fred Slade 0-0: Called Strike
0-1: Ground out 6-3 (Groundball, 6, EV 95.6 MPH)
Top of the 9th over - 2 runs, 1 hit, 0 errors, 0 left on base; Cincinnati 2 - St. Louis 3
Tuesday, September 13th , 2022 - OOTP Baseball 23.7 Build 88